woodfighter, chaotic female orcish Cavewoman ------------ |..........| ---------- |..........| ##[........| ##...........| # |........| # |...<......| ----------- ### |.%......| ### ---------.-- ---.^.......--- # ----.----- # #### ##..^...---......## ## # # # |.....| |..%..| # # ### ### |.....---.....| ### ------# # # ---.........--- # -*-....|# ## ### ----------- ###### |....*..# --.------------- # -.-.-------- |......| ####.(..........%..|### |..(.>.....| |......| # |.....^........|@ |..........| ---....-## |..............-g ###################.^.........| ------ ---------------- |.%........| |^.........| |..........| ------------ woodfighter the Cave Woman Experience level: 11 Strength: 18/01 Dexterity: 17 Constitution: 18 Intelligence: 7 Wisdom: 10 Charisma: 8 Health: 0(93) Energy: 38(38) Def: 21 Gold: 43 Moves: 20303 Dungeon seed: flwTXM1JsdRug-m0 Game ID: woodfighter_1477238329 Your Inventory: Coins $ - 43 gold pieces Amulets W - an uncursed amulet of ESP (being worn) Weapons a - a blessed +0 elven spear (weapon in hand) G - a +0 dwarvish spear X - 5 +0 dwarvish spears (in quiver) Armor e - an uncursed +0 pair of leather gloves (being worn) f - an uncursed burnt +0 pair of leather gloves n - an uncursed thoroughly rusty +1 helmet (being worn) r - a blessed greased +0 gray dragon scale mail (being worn) C - an uncursed +3 cloak of invisibility (being worn) N - an uncursed +0 elven shield (being worn) Y - a blessed +1 pair of low boots (being worn) Comestibles l - 6 uncursed food rations B - an uncursed clove of garlic Z - an uncursed lizard corpse Rings D - an uncursed ring of fire resistance (on right hand) R - a blessed +1 ring of protection (on left hand) Wands d - a wand of digging (0:7) v - a wand of speed monster (0:4) F - a wand of fire (0:6) L - a wand of digging (0:6) O - a wand of slow monster (0:4) Tools m - an uncursed stethoscope o - a +0 pick-axe q - a blessed -1 unicorn horn s - a blessed bag of holding y - an uncursed lock pick H - a blessed oil lamp (0:1474) Q - an uncursed tallow candle (0:200) Gems S - a blessed luckstone Contents of the bag of holding: 9278 gold pieces 3 [uncursed] C-rations a [uncursed] K-ration 2 [uncursed] cram rations an uncursed lizard corpse 4 [uncursed] lumps of royal jelly an uncursed sprig of wolfsbane a [uncursed] scroll of blank paper a [blessed] scroll of destroy armor a [cursed] scroll of fire a [uncursed] scroll of identify a [uncursed] scroll of light a [uncursed] scroll of punishment a [uncursed] scroll of remove curse a [uncursed] scroll of scare monster a [blessed] potion of confusion a [cursed] potion of extra healing a [uncursed] potion of hallucination a [uncursed] potion of healing 2 potions of holy water a [uncursed] potion of monster detection a [uncursed] potion of object detection a [uncursed] potion of restore ability a [uncursed] potion of sickness a [uncursed] potion of water an uncursed wooden flute Spells and supernatural/magical abilities: Name Level Category Fail Memory W - pray for help -- divine ? -- Your skills at the end: Miscellaneous Skills bare handed combat [Basic] shield [Skilled] stealth [Skilled] Weapon Skills scimitar [Basic] club [Skilled] spear [Skilled] sling [Basic] Spellcasting Skills Final Attributes: You were piously aligned. You were fire resistant. You were cold resistant. You were sleep resistant. You were shock resistant. You were poison resistant. You were magic-protected. Your writing hand was a little cramped from use. You saw invisible. You were telepathic. You had infravision. You were invisible to others. You were stealthy. You were protected. You were fast. You were very lucky. You had extra luck. Good luck did not time out for you. You are dead. Vanquished creatures: a baluchitherium a trapper 2 liches a black pudding 3 ghosts an ettin a queen bee 4 giant mimics an Elvenking 2 doppelgangers a stalker an air elemental a hill giant 3 elf-lords a giant zombie 3 sergeants 2 wargs a winter wolf 4 quantum mechanics 3 small mimics a pyrolisk 4 large dogs a large cat 3 tengu 2 crocodiles a chameleon a leocrotta 2 elf mummies 12 Grey-elves an ettin zombie a leather golem 4 soldiers a succubus an incubus 3 giant beetles a cockatrice 12 wolves 4 winter wolf cubs 3 black lights a lynx a panther 2 gremlins 6 leprechauns 2 quivering blobs 6 lizards a giant spider an iron piercer 2 horses 2 ice vortices a forest centaur 8 gnome kings an orc mummy 3 dwarf mummies a brown pudding a Green-elf 2 rust monsters 7 owlbears 4 yetis 2 gold golems a werewolf 3 chickatrices 3 dogs a dingo a housecat 2 jaguars 6 dwarf lords 2 blue jellies a white unicorn 3 dust vortices 3 ravens 4 Woodland-elves a snake 4 apes a rope golem 7 soldier ants 5 fire ants a yellow light 3 wood nymphs a Mordor orc 4 Uruk-hai 2 orc shamans a rock mole 4 rock piercers 5 ponies 2 fog clouds a shrieker 4 violet fungi 19 gnome lords 3 gnomish wizards 2 kobold mummies a red naga hatchling a black naga hatchling a guardian naga hatchling 3 gray oozes a barrow wight 3 elf zombies 2 ghouls 2 straw golems a paper golem a jellyfish 5 giant ants 5 floating eyes 3 kittens 20 dwarves a homunculus 3 kobold shamans 10 iguanas a hill orc 12 rothes 2 rabid rats 2 centipedes 6 jitterbugs 4 giant bats a monkey 2 dwarf zombies 31 killer bees 4 coyotes 3 gas spores 9 hobbits 2 acid blobs 4 large kobolds 17 geckos 5 hobgoblins 11 giant rats a cave spider 3 yellow molds a green mold 5 red molds 63 gnomes 3 garter snakes 2 gnome zombies 5 jackals 3 foxes 3 kobolds 11 newts a goblin 5 sewer rats 9 grid bugs 5 bats 8 lichens 5 kobold zombies 561 creatures vanquished. Voluntary challenges: You did not have reflection. You were not displaced. You had been an atheist until turn 2136. You used a wielded weapon 1339 times, starting on turn 27. You did not use sinks. You read items or engraved 5 times, starting on turn 991. You never genocided any monsters. You never polymorphed an object. You never changed form. You cheated 1 time but completed Sokoban on turn 10839. You used 1 wish, starting on turn 15617. You did not wish for any artifacts. You never split a pudding. You wrote Elbereth's name 1 time, starting on turn 13331. You never violated your personal moral code. Dungeon overview: The Dungeons of Doom: levels 1 to 22 Level 1 a long staircase Level 2 (dragonbane) Level 3 stairs to The Gnomish Mines Level 4 (w) Level 5 Level 6 Level 7 (v) stairs to Sokoban Level 8 Level 9 some fountains Level 10 a fountain Level 11 a fountain Level 12 Level 13 (quest + v) some fountains Level 14 (v) a fountain Level 15 Level 16 a fountain Level 17 (rogue) Level 18 a fountain Level 19 Level 20 an armor shop, a fountain Level 21 <- You were here Level 22 (big room? trees and water) many trees The Gnomish Mines: levels 4 to 11 Level 4 stairs to The Dungeons of Doom Level 5 Level 6 many shops, a temple to Anu, a magic chest, some trees Level 7 Level 8 Level 9 Level 10 Level 11 a magic chest Sokoban: levels 3 to 6 Level 3 a magic chest Level 4 a sink Level 5 Level 6 an altar to Anshar, a magic chest stairs to The Dungeons of Doom History has recorded: On T:1 you entered the Dungeons of Doom to retrieve the Amulet of Yendor! On T:25 you reached level 2 of The Dungeons of Doom. On T:508 you advanced to experience level 2. On T:664 you reached level 3 of The Dungeons of Doom. On T:825 you reached level 1 of The Gnomish Mines. On T:891 you reached level 4 of The Dungeons of Doom. On T:1049 you advanced to experience level 3. On T:1074 you advanced to experience level 4. On T:1118 you reached level 2 of The Gnomish Mines. On T:1450 you advanced to experience level 5. On T:1951 you reached level 3 of The Gnomish Mines. On T:2055 you reached level 4 of The Gnomish Mines. On T:2086 you advanced to experience level 6. On T:2131 you entered the Minetown temple On T:2140 you opened a magic chest. On T:2493 you prayed to Anshar. On T:2839 you advanced to experience level 7. On T:3448 you reached level 5 of The Gnomish Mines. On T:3475 you reached level 6 of The Gnomish Mines. On T:3822 you advanced to experience level 8. On T:3875 you reached level 7 of The Gnomish Mines. On T:4760 you reached level 8 of The Gnomish Mines. On T:4760 you reached the bottom of the Mines. On T:5504 you prayed to Anshar. On T:5575 you advanced to experience level 9. On T:6342 you reached level 5 of The Dungeons of Doom. On T:6349 you reached level 6 of The Dungeons of Doom. On T:7131 you reached level 7 of The Dungeons of Doom. On T:7233 you reached level 4 of Sokoban. On T:7482 you reached level 3 of Sokoban. On T:8321 you reached level 8 of The Dungeons of Doom. On T:9367 you reached level 2 of Sokoban. On T:9852 you reached level 1 of Sokoban. On T:10839 you entered the Sokoban zoo. On T:11180 you reached level 9 of The Dungeons of Doom. On T:11655 you reached level 10 of The Dungeons of Doom. On T:12073 you reached level 11 of The Dungeons of Doom. On T:12429 you reached level 12 of The Dungeons of Doom. On T:12823 you reached level 13 of The Dungeons of Doom. On T:13335 you advanced to experience level 10. On T:13851 you prayed to Anshar. On T:14696 you prayed to Anshar. On T:15594 you prayed to Anshar. On T:15617 you wished for "+3 blessed greased fixed gray dragon scale mail". On T:15913 you reached level 14 of The Dungeons of Doom. On T:16197 you reached level 15 of The Dungeons of Doom. On T:17097 you reached level 16 of The Dungeons of Doom. On T:17171 you reached level 17 of The Dungeons of Doom. On T:17171 you entered the Rogue tribute level. On T:17606 you reached level 18 of The Dungeons of Doom. On T:17802 you advanced to experience level 11. On T:18105 you reached level 19 of The Dungeons of Doom. On T:18669 you reached level 20 of The Dungeons of Doom. On T:19127 you reached level 21 of The Dungeons of Doom. On T:19694 you reached level 22 of The Dungeons of Doom. On T:19998 you prayed to Anshar. Score breakdown: Gold: 9321 ( 932 points) Experience: 11 levels ( 1000 points) Exploration: 22 levels ( 630 points) Discoveries: 80 items ( 2000 points) Variety of kills: 141 monsters ( 2000 points) Major goal: Sokoban/Mines ( 1500 points) Survival: died (score multiplied by 3) Total score: 24186 Latest messages: X - 3 +0 dwarvish spears (in quiver). You see here a floating eye corpse. This floating eye corpse tastes terrible! You finish eating the floating eye corpse. Where do you want to travel to? You stop travelling. You jab the winged gargoyle! The winged gargoyle bumps right into you! You jab the winged gargoyle! The winged gargoyle misses. The winged gargoyle just misses! The winged gargoyle misses. You jab the winged gargoyle! The winged gargoyle misses. The winged gargoyle claws you! The winged gargoyle bites! You jab the winged gargoyle! The winged gargoyle claws you! (2x) The winged gargoyle bites! You jab the winged gargoyle! The winged gargoyle claws you! (2x) The winged gargoyle misses. The winged gargoyle claws you! (2x) The winged gargoyle bites! You die... Final status: Goodbye woodfighter the Cavewoman, killed by a winged gargoyle... You died in The Dungeons of Doom on dungeon level 21 with 24186 points, and 9321 pieces of gold, after 20303 moves. You were level 11 with a maximum of 93 hit points when you died.